 Dungeon Crawl Stone Soup version 0.17-a0-1718-g72dbe4d (webtiles) character file.

6619 Leibowitz the Blocker (level 10, -2/91 HPs)
             Began as a Minotaur Fighter on Aug 25, 2015.
             Was an Elder of Okawaru.
             Slain by a wolf spider simulacrum (14 damage)
             ... in an ice cave on Aug 26, 2015.
             The game lasted 00:31:57 (9597 turns).

Leibowitz the Blocker (Minotaur Fighter)            Turns: 9597, Time: 00:31:57

Health: -2/91      AC: 16    Str: 29    XL:     10   Next: 72%
Magic:  9/9        EV: 10    Int:  5    God:    Okawaru [****..]
Gold:   270        SH: 12    Dex:  9    Spells: 0 memorised, 9 levels left

rFire  + + .     SeeInvis .     a - +1 war axe
rCold  + . .     Clarity  .     K - +4 scale mail of Indecent Exposure {rF+ rC+}
rNeg   + . .     SustAt   .     c - +0 shield
rPois  +         Gourm    .     (helmet restricted)
rElec  .         Spirit   .     e - +1 cloak {rPois}
rCorr  .         Warding  +     (no gloves)
rMut   .         Stasis   .     w - +0 pair of boots
MR     +....                    g - amulet of warding
Stlth  ..........               C - +4 ring of strength
                                f - ring of protection from magic

@: somewhat resistant to hostile enchantments, extremely unstealthy
A: retaliatory headbutt, horns 2, fire resistance 1
a: Heroism, Renounce Religion


You were in an ice cave.
You worshipped Okawaru.
Okawaru was greatly pleased with you.
You were not hungry.

You visited 3 branches of the dungeon, and saw 12 of its levels.
You also visited: Ice Cave.

You collected 610 gold pieces.
You spent 340 gold pieces at shops.

Inventory:

Hand weapons
 a - a +1 war axe (weapon)
 b - a +0 blowgun
Missiles
 t - 28 poisoned needles
Armour
 c - a +0 shield (worn)
 e - a +1 cloak of poison resistance (worn)
 w - a +0 pair of boots (worn)
 K - the +4 scale mail of Indecent Exposure (worn) {rF+ rC+}
   (You found it on level 9 of the Dungeon)

   It protects you from fire.
   It protects you from cold.
Jewellery
 f - a ring of protection from magic (left hand)
 g - an amulet of warding (around neck)
 v - an uncursed ring of protection from magic
 C - a +4 ring of strength (right hand)
 D - the ring "Ahaf" {*Confuse +Inv MR+ Int+6}
   (You bought it in a shop on level 5 of the Dungeon)

   [ring of invisibility]

   It affects your intelligence (+6).
   It affects your resistance to hostile enchantments.
   It lets you turn invisible.
   It may confuse you when you take damage.
 J - an uncursed ring of positive energy
Magical devices
 n - a wand of digging (10)
 y - a wand of polymorph (9)
 z - a wand of flame (27)
 A - a wand of frost (22)
 F - a wand of paralysis (0)
Scrolls
 i - a scroll of enchant weapon
 j - 10 scrolls of identify
 k - a scroll of enchant armour
 m - a scroll of blinking
 s - 3 scrolls of teleportation
 x - 4 scrolls of remove curse
 B - 2 scrolls of fear
Potions
 d - 2 potions of might
 l - 3 potions of heal wounds
 o - 3 potions of curing
 p - 2 potions of flight
 q - a potion of lignification
 G - a potion of haste
 H - a potion of brilliance {unknown}
Comestibles
 h - 4 meat rations
 r - 2 chunks of flesh
 u - 5 bread rations
 E - 2 fruits


   Skills:
 * Level 9.4 Fighting
 * Level 10.3 Axes
 * Level 10.2 Armour
 + Level 3.6 Dodging
 + Level 0.8 Stealth
 * Level 10.5 Shields


You had 9 spell levels left.
You didn't know any spells.

Dungeon Overview and Level Annotations

Branches:
Dungeon (9/15)             Temple (1/1) D:6            Lair (2/8) D:9
    Orc: D:9-12

Altars:
Ashenzari
Cheibriados
Dithmenos
Elyvilon
Fedhas
Gozag
Kikubaaqudgha
Makhleb
Nemelex Xobeh
Okawaru
Qazlal
Ru
Sif Muna
Trog
Vehumet
Xom
Yredelemnul
Zin
The Shining One

Shops:
D:4 !   D:5 }(=*   D:6 %   D:8 (

Annotations:
Lair:1 demonpo's ghost, experienced MiGl


Innate Abilities, Weirdness & Mutations

You reflexively headbutt those who attack you in melee.
You have a pair of horns on your head.
Your flesh is heat resistant.


Message History

You hit the wolf spider simulacrum.
You block the wolf spider simulacrum's attack. x3
The wolf spider simulacrum bites you. The wolf spider simulacrum freezes you.
You resist.
Unknown command.
You slash the wolf spider simulacrum! x2
The wolf spider simulacrum hits you but does no damage.
The wolf spider simulacrum bites you but does no damage.
The wolf spider simulacrum barely misses you.
The wolf spider simulacrum bites you but does no damage.
You slash the wolf spider simulacrum! x2
You block the wolf spider simulacrum's attack. x2
The wolf spider simulacrum hits you!
* * * LOW HITPOINT WARNING * * *
The wolf spider simulacrum freezes you. You resist.
* * * LOW HITPOINT WARNING * * *
The wolf spider simulacrum bites you.
* * * LOW HITPOINT WARNING * * *
The wolf spider simulacrum freezes you! You resist.
You die...

#### ##..##
. ###....##
..##.......#
.......∩.∩.#
#....Z.....#
##..##ZZZ.##
## ##@.##
####


You could see a polar bear simulacrum and 3 wolf spider simulacra.

Vanquished Creatures
  An unseen horror (D:9)
  A komodo dragon (D:9)
  A spiny frog (D:9)
  A troll (D:7)
  Grinder (D:3)
  3 blink frogs (Lair:1)
  4 yaks (D:9)
  A wyvern (D:8)
  2 orc warriors
  A water moccasin (D:8)
  2 phantoms
  A black bear (D:7)
  5 ice beasts
  3 ogres (D:8)
  3 centaurs
  3 big kobolds
  A crocodile (Lair:2)
  12 giant frogs
  A wyvern zombie (D:6)
  A scorpion (D:4)
  A water moccasin skeleton (D:5)
  A giant frog zombie (D:8)
  4 crimson imps
  A centaur zombie (D:8)
  A centaur skeleton (D:5)
  An orc priest (D:5)
  7 iguanas
  2 worker ants
  A jelly (D:8)
  Jessica (D:2)
  5 hounds
  Terence (D:3)
  Natasha (thrice) (D:3 D:5)
  A killer bee zombie (D:8)
  3 orc wizards
  5 sheep (Lair:2)
  A worker ant zombie (D:6)
  Robin (D:3)
  8 adders
  3 gnolls (D:2)
  A shadow imp (D:9)
  An ooze (D:7)
  A worm (D:4)
  8 giant geckos
  14 orcs
  6 giant cockroaches
  10 goblins
  6 hobgoblins
  3 jackals (D:1)
  4 quokkas
  3 ball pythons
  A ball python skeleton (D:3)
  17 bats
  5 giant newts
  28 kobolds
  8 rats
  2 plants (D:9)
217 creatures vanquished.

Vanquished Creatures (others)
  A wizard (D:7)
  A fungus (Lair:1)
2 creatures vanquished.

Grand Total: 219 creatures vanquished

Notes
Turn   | Place    | Note
--------------------------------------------------------------
     0 | D:1      | Leibowitz the Minotaur Fighter began the quest for the Orb.
     0 | D:1      | Reached XP level 1. HP: 19/19 MP: 0/0
   121 | D:1      | Reached XP level 2. HP: 27/27 MP: 1/1
   256 | D:1      | Reached skill level 4 in Armour
   745 | D:2      | Found a shattered altar of Ashenzari.
   805 | D:2      | Noticed Jessica
   812 | D:2      | Killed Jessica
   812 | D:2      | Reached XP level 3. HP: 33/33 MP: 2/2
   935 | D:2      | Reached XP level 4. HP: 40/40 MP: 3/3
  1779 | D:3      | Noticed Robin
  1795 | D:3      | Killed Robin
  1795 | D:3      | Reached XP level 5. HP: 30/47 MP: 4/4
  1845 | D:3      | Noticed Natasha
  1852 | D:3      | Killed Natasha
  1852 | D:3      | Reached skill level 5 in Armour
  2106 | D:3      | Noticed Grinder
  2112 | D:3      | Paralysed by Grinder for 2 turns
  2115 | D:3      | Paralysed by Grinder for 2 turns
  2121 | D:3      | Killed Grinder
  2121 | D:3      | Reached skill level 5 in Fighting
  2121 | D:3      | Reached skill level 1 in Dodging
  2121 | D:3      | Reached skill level 5 in Shields
  2121 | D:3      | Reached XP level 6. HP: 43/56 MP: 5/5
  2291 | D:3      | Noticed Terence
  2301 | D:3      | Killed Terence
  2552 | D:4      | Got a slimy flail
  3118 | D:4      | Found a shadowy altar of Dithmenos.
  3133 | D:4      | Reached skill level 6 in Armour
  3133 | D:4      | Reached XP level 7. HP: 54/61 MP: 6/6
  3176 | D:4      | Found Ygeydd's Distillery.
  3184 | D:4      | Bought a potion of heal wounds for 50 gold pieces
  3184 | D:4      | Bought a potion of curing for 30 gold pieces
  3226 | D:5      | Entered Level 5 of the Dungeon
  3226 | D:5      | Found Goit's Antique Weapon Shop.
  3245 | D:5      | Noticed Natasha
  3255 | D:5      | Killed Natasha
  3305 | D:5      | Noticed Natasha
  3310 | D:5      | Killed Natasha
  3473 | D:5      | Reached skill level 5 in Axes
  4145 | D:5      | Found Ofiug's Assorted Antiques.
  4161 | D:5      | Bought a tourmaline ring for 130 gold pieces
  4161 | D:5      | Bought a clouded glass ring for 130 gold pieces
  4161 | D:5      | Identified the ring "Ahaf" {*Confuse +Inv MR+ Int+6} (You bought it in a shop on level 5 of the Dungeon)
  4208 | D:5      | Found Ytiaser's Jewellery Boutique.
  4229 | D:5      | Found Xeij's Gadget Shop.
  4269 | D:5      | Reached skill level 7 in Armour
  4497 | D:6      | Reached XP level 8. HP: 70/70 MP: 7/7
  4873 | D:6      | Found Jyareuge's Food Shoppe.
  4944 | D:6      | Found a staircase to the Ecumenical Temple.
  4950 | Temple   | Entered the Ecumenical Temple
  5008 | Temple   | Became a worshipper of Warmaster Okawaru
  5479 | D:7      | Noticed a troll
  5493 | D:7      | Killed a troll
  5830 | D:7      | Reached skill level 8 in Armour
  5855 | D:7      | Acquired Okawaru's first power
  6009 | D:7      | Reached XP level 9. HP: 63/79 MP: 8/8
  6102 | D:7      | Found a bloodstained altar of Trog.
  6103 | D:7      | Noticed a wizard
  6108 | D:7      | Killed a wizard
  6995 | D:8      | Reached skill level 9 in Shields
  7304 | D:8      | Found Pafuniyhis's Antique Weapon Emporium.
  7495 | D:9      | Got a twisted scale mail
  7506 | D:9      | Identified the +4 scale mail of Indecent Exposure {rF+ rC+} (You found it on level 9 of the Dungeon)
  7510 | D:9      | Gained mutation: Your flesh is heat resistant. [potion of beneficial mutation]
  7748 | D:9      | Killed an unseen horror
  7748 | D:9      | Reached XP level 10. HP: 37/90 MP: 9/9
  8476 | D:9      | Found a staircase to the Lair.
  8477 | D:9      | Noticed a komodo dragon
  8514 | D:9      | Killed a komodo dragon
  8827 | Lair:1   | Entered Level 1 of the Lair of Beasts
  8827 | Lair:1   | Noticed demonpo's ghost (experienced MiGl)
  8843 | D:9      | Reached skill level 10 in Shields
  9296 | Lair:1   | Reached skill level 10 in Armour
  9320 | Lair:1   | Reached skill level 10 in Axes
  9386 | Lair:1   | Noticed a five-headed hydra
  9401 | Lair:1   | Found a frozen archway.
  9591 | IceCv    | Entered an ice cave
  9597 | IceCv    | Slain by a wolf spider simulacrum

Vault maps used:
D:1:      elethiomel_arrival_infinity_welcomes_careful_drivers
D:2:      first_bread, evilmike_ruin_ashenzari, uniq_jessica
D:3:      uniq_terence, uniq_robin, uniq_grinder, uniq_natasha
D:4:      grunt_dithmenos_shadows, serial_shops, shop_fountains
D:5:      serial_shops, shop, nicolae_shop_waterfront, kennysheep_mini_moat,
          nicolae_shop_overgrown_old_shop, nrook_uturn
D:6:      minmay_temple_entry_fiery, serial_shops, shop
D:7:      trog_wizard
D:8:      serial_shops, shop_statue
D:9:      david_lair_shrubbed
Temple:   grunt_circular_temple_18
Lair:1:   portal_ice_cave_entry_ice_beasts, roderic_batcave, minivault_26,
          serial_bayou_shore_b, infiniplex_staircase_pool
Lair:2:   guppyfry_lair_drakes, serial_bayou_shore_b, serial_bayou_shore_a,
          grunt_megastairs_4, uniq_sonja
IceCv:    ice_cave_small_necro

Action                   |  1- 3 |  4- 6 |  7- 9 | 10-12 || total
-------------------------+-------+-------+-------+-------++-------
Melee: War axe           |    70 |   124 |   351 |   134 ||   679
Throw: Throwing net      |       |     1 |       |       ||     1
Evoke: Wand              |       |       |     1 |     1 ||     2
  Use: Potion            |       |       |     9 |     2 ||    11
       Scroll            |       |       |     9 |     2 ||    11
  Eat: Chunk             |       |     7 |    15 |     4 ||    26
       Beef jerky        |       |       |       |     2 ||     2
